 Dungeon Crawl Stone Soup version 0.28.0-53-g5a82cb258f (webtiles) character file.

Game seed: 10148143630000665659

62221 DocClef the Thaumaturge (level 15, -24/103 HPs)
             Began as a Gnoll Ice Elementalist on July 11, 2022.
             Was the Champion of Hepliaklqana.
             Killed from afar by Jorgrun (50 damage)
             ... with an iron shot
             ... on level 1 of the Orcish Mines.
             The game lasted 00:53:29 (22557 turns).

DocClef the Thaumaturge (Gnoll Ice Elementalist)   Turns: 22557, Time: 00:53:29

Health: -24/103    AC: 20    Str:  7    XL:     15   Next: 5%
Magic:  11/30      EV: 12    Int: 21    God:    Hepliaklqana [******]
Gold:   1091       SH: 11    Dex: 14    Spells: 22/36 levels left

rFire   . . .      SeeInvis +   b - +8 whip "Snakebite" {venom, curare, rPois}
rCold   . . .      Faith    .   O - +0 kite shield
rNeg    . . .      Spirit   .   M - +1 troll leather armour {Snorg}
rPois   +          Reflect  .   (no helmet)
rElec   .          Harm     .   Q - +1 cloak
rCorr   .          Rampage  .   q - +0 pair of gloves
Will    ++...                   g - +1 pair of boots
Stlth   ++++......              (no amulet)
HPRegen 1.07/turn               i - ring of willpower
MPRegen 0.22/turn               P - ring of see invisible

@: ice-armoured, grasped by roots, constricted
A: reduced essence, fangs 1, strong nose, distributed training
a: Renounce Religion, Recall Ancestor, Ancestor Identity, Transference, Idealise


You were on level 1 of the Orcish Mines.
You worshipped Hepliaklqana.
Hepliaklqana was exalted by your worship.
You visited 4 branches of the dungeon, and saw 20 of its levels.
You also visited: Bailey.

You collected 1091 gold pieces.

Inventory:

Hand Weapons
 a - the +10 rapier of the Twisting Boar {vorpal, Str+6 SInv}
   (You found it on level 1 of the Lair of Beasts)

   It inflicts extra damage upon your enemies.
   Str:       It affects your strength (+6).
   SInv:      It lets you see invisible.
 b - the +8 whip "Snakebite" (weapon) {venom, curare, rPois}
   (You found it on level 1 of the Lair of Beasts)

   It poisons the flesh of those it strikes.
   It occasionally inflicts asphyxiating poison on those it strikes, dealing
   poison damage and causing slowness.
   rPois:     It protects you from poison.
 m - a +1 halberd of protection
 r - a +1 short sword of protection
Missiles
 J - a throwing net
Armour
 g - a +1 pair of boots (worn)
 q - a +0 pair of gloves (worn)
 M - a +1 troll leather armour (worn) {Snorg}
 O - a +0 kite shield (worn)
 Q - a +1 cloak (worn)
Magical Staves
 x - a staff of earth
Jewellery
 i - a ring of willpower (left hand)
 P - a ring of see invisible (right hand)
 R - an amulet of faith
Wands
 k - a wand of flame (30)
 y - a wand of iceblast (35)
 A - a wand of acid (8)
 G - a wand of polymorph (13)
Scrolls
 e - 5 scrolls of vulnerability
 l - 2 scrolls of blinking
 n - 2 scrolls of fear
 s - 7 scrolls of enchant weapon
 z - 5 scrolls of teleportation
 C - 2 scrolls of summoning
 D - 2 scrolls of fog
 E - a scroll of torment
 F - a scroll of magic mapping
 I - a scroll of holy word
 K - 6 scrolls of identify
 L - 2 scrolls of enchant armour
Potions
 c - 4 potions of heal wounds
 d - 5 potions of ambrosia
 f - 2 potions of attraction
 h - a potion of berserk rage
 j - 2 potions of haste
 o - 2 potions of lignification
 p - a potion of cancellation
 t - 2 potions of brilliance {unknown}
 u - 5 potions of mutation {unknown}
 v - 6 potions of curing {unknown}
 w - a potion of magic {unknown}
 B - 2 potions of resistance {unknown}
 H - a potion of flight {unknown}
Miscellaneous
 N - a box of beasts


   Skills:
 + Level 9.8 Fighting
 + Level 9.8 Short Blades
 + Level 9.8 Long Blades
 + Level 9.8 Axes
 + Level 9.8 Maces & Flails
 + Level 9.8 Polearms
 + Level 9.8 Staves
 + Level 9.8 Slings
 + Level 9.8 Bows
 + Level 9.8 Crossbows
 + Level 9.8 Throwing
 + Level 9.8 Armour
 + Level 10.8 Dodging
 + Level 10.6 Stealth
 + Level 9.8 Shields
 + Level 9.8 Unarmed Combat
 + Level 11.0 Spellcasting
 + Level 8.2 Conjurations
 + Level 8.2 Hexes
 + Level 8.2 Summonings
 + Level 8.2 Necromancy
 + Level 8.2 Translocations
 + Level 8.2 Transmutations
 + Level 8.2 Fire Magic
 + Level 10.8 Ice Magic
 + Level 8.2 Air Magic
 + Level 8.2 Earth Magic
 + Level 8.2 Poison Magic
 + Level 10.6 Invocations
 + Level 9.8 Evocations


You had 22 spell levels left.
You knew the following spells:

 Your Spells              Type           Power      Damage    Failure   Level
a - Freeze                Ice            100%       1d11      1%          1
b - Frozen Ramparts       Ice            100%       1d12      1%          3
c - Ozocubu's Armour      Ice            55%        N/A       1%          3
d - Ignite Poison         Fire/Tmut/Pois 46%        N/A       1%          3
e - Olgreb's Toxic Radia  Pois           46%        N/A       6%          4

Your spell library contained the following spells:

 Spells                   Type           Power      Damage    Failure   Level
 Animate Skeleton         Necr           92%        N/A       1%          1
 Apportation              Tloc           92%        N/A       1%          1
 Sting                    Tmut/Pois      100%       1d8       1%          1
 Summon Small Mammal      Summ           100%       N/A       1%          1
 Corpse Rot               Necr/Air       92%        N/A       1%          2
 Poisonous Vapours        Pois/Air       92%        N/A       1%          2
 Conjure Flame            Conj/Fire      46%        6-21      1%          3
 Gell's Gravitas          Tloc           46%        N/A       1%          3
 Lesser Beckoning         Tloc           46%        N/A       1%          3
 Teleport Other           Tloc           46%        N/A       1%          3
 Hailstorm                Conj/Ice       51%        3d11      3%          4
 Dispel Undead            Necr           46%        3d18      6%          4
 Sticky Flame             Conj/Fire      46%        2d6       6%          4
 Metabolic Englaciation   Hex/Ice        25%        N/A       10%         5
 Alistair's Intoxication  Tmut/Pois      30%        N/A       17%         5
 Borgnjor's Vile Clutch   Necr/Erth      23%        N/A       17%         5
 Simulacrum               Ice/Necr       25%        N/A       50%         6
 Death Channel            Necr           23%        N/A       67%         6
 Dispersal                Tloc           23%        N/A       67%         6
 Eringya's Noxious Bog    Tmut/Pois      23%        N/A       67%         6
 Malign Gateway           Summ/Tloc      23%        N/A       99%         7
 Summon Horrible Things   Summ           23%        N/A       100%        8


Dungeon Overview and Level Annotations

Branches:
Dungeon (12/15)            Temple (1/1) D:5            Lair (6/6) D:10
 Shoals (0/4) Lair:3       Spider (0/4) Lair:4        Slime (0/5) Lair:6
    Orc (1/2) D:10         Bailey (visited)

Altars:
Ashenzari
Cheibriados
Dithmenos
Elyvilon
Fedhas
Gozag
Hepliaklqana
Kikubaaqudgha
Makhleb
Nemelex Xobeh
Okawaru
Qazlal
Ru
Sif Muna
Trog
Uskayaw
Vehumet
Wu Jian
Xom
Yredelemnul
Zin
The Shining One

Shops:
D:4 *   D:5 *   D:7 **

Annotations:
Lair:2 3 runed translucent doors, angelusfrater's ghost, novice DESu
Lair:5 exclusion: oklob plant
Orc:1 Jorgrun


Innate Abilities, Weirdness & Mutations

Your life essence is reduced to manifest your ancestor. (-10% HP)
You have very sharp teeth.
Your uncanny sense of smell can sniff out nearby items.
Your experience applies equally to all skills.


Message History

Njabulo burns the sixfirhy.
The grasping roots constrict you!
Casting: Olgreb's Toxic Radiance (dangerous; 6% risk of failure)
Confirm with . or Enter, or press ? or * to list all spells.
You don't know that spell.
Unknown command.
Unknown command.
Casting: Olgreb's Toxic Radiance (dangerous; 6% risk of failure)
Confirm with . or Enter, or press ? or * to list all spells.
A film of ice covers your body!
You kill the sixfirhy!
The sixfirhy disappears in a puff of smoke!
Your toxic aura wanes.
Unknown command.
Casting: Ozocubu's Armour (safe; 1% risk of failure)
Confirm with . or Enter, or press ? or * to list all spells.
You ignite the poison in your surroundings!
Jorgrun seems to burn from within!!!
Jorgrun is almost dead.
The orc sorcerer seems to burn from within!!!
You kill the orc sorcerer!
The smoke demon disappears in a puff of smoke!
Jorgrun barely misses you. The grasping roots constrict you!
You closely miss Jorgrun.
Jorgrun is almost dead.
Jorgrun points at you and mumbles some strange words.
The iron shot hits you!! The grasping roots constrict you.
Njabulo hits Jorgrun with a +0 broad axe of flaming!
Njabulo burns Jorgrun.
Unknown command.
You hit Jorgrun but do no damage.
Jorgrun is poisoned.
Jorgrun is almost dead.
Jorgrun drinks a potion.
Jorgrun is healed!
The grasping roots constrict you!
* * * LOW HITPOINT WARNING * * *
Unknown command.
You closely miss Jorgrun.
Jorgrun is severely wounded.
Njabulo barely misses Jorgrun.
Jorgrun points at you and mumbles some strange words.
The iron shot hits you!!!
You die...

#........##≈§
##...........
#...........
#..........
#.........#
##........#####.
#..........)§..#
#....))@..#..
#......Rg...#
##....))....##
#...)).....##
##.....#...#
#.....)....#
##.#.).....#
###.).#...##
#....#...#


You could see the friendly Njabulo the knight and Jorgrun (very poisoned, ally
target).

Vanquished Creatures
  A dire elephant (Lair:6)
  Snorg (Lair:5)
  Erolcha (Orc:1)
  3 hydras
  4 boulder beetles
  A catoblepas (Lair:6)
  A two-headed ogre (D:10)
  8 death yaks
  Sonja (D:11)
  A phantasmal warrior (D:11)
  Pikel (D:8)
  An orc sorcerer (Orc:1)
  2 manticores
  9 elephants
  A merfolk siren (Lair:3)
  Maurice (D:11)
  2 black mambas (Lair:1)
  2 gargoyles (D:11)
  3 cane toads
  A torpor snail (Lair:4)
  An unseen horror (D:12)
  4 rime drakes
  4 komodo dragons
  2 trolls
  2 polar bears (Lair:6)
  13 blink frogs
  9 dream sheep
  Sigmund (D:4)
  A shadow (D:11)
  3 wyverns
  27 yaks
  A basilisk (Lair:5)
  A steam dragon (D:9)
  Menkaure (D:6)
  2 vampire mosquitoes (D:11)
  17 water moccasins
  12 orc warriors
  A black bear (D:10)
  2 sky beasts (D:6)
  3 ogres
  An ice beast (D:5)
  17 wolves
  3 lemures (D:8)
  A phantom (D:5)
  6 centaurs
  2 kobold brigands (D:9)
  13 bullfrogs
  5 scorpions
  A gnoll sergeant (D:6)
  A water moccasin skeleton (D:5)
  6 killer bees (Lair:3)
  3 electric eels
  A howler monkey (D:11)
  2 centaur zombies
  A centaur skeleton (D:6)
  2 hounds
  A bullfrog skeleton (D:5)
  8 orc priests
  Crazy Yiuf (D:6)
  2 gnoll shamans
  A jelly (D:4)
  Natasha (thrice) (D:2)
  Terence (D:2)
  5 orc wizards
  6 iguanas
  A howler monkey zombie (D:9)
  15 gnolls
  8 adders
  A white imp (D:5)
  An adder skeleton (D:4)
  2 worms (D:5)
  4 dart slugs
  31 orcs
  9 ball pythons
  7 bats
  4 endoplasms
  3 giant cockroaches
  7 goblins
  3 hobgoblins
  2 jackals (D:2)
  16 kobolds
  2 quokkas
  10 frilled lizards
  4 rats
375 creatures vanquished.

Vanquished Creatures (collateral kills)
  An orc warlord (Bailey)
  2 hydras
  2 boulder beetles
  A deep troll shaman (Lair:6)
  A death yak (Lair:6)
  An orb spider (Lair:4)
  A deep elf pyromancer (D:9)
  2 black mambas
  A torpor snail (Lair:3)
  3 cane toads
  A rime drake (Lair:2)
  A gargoyle (D:12)
  4 komodo dragons
  A merfolk (Lair:3)
  A queen bee (Lair:3)
  A troll (D:10)
  2 blink frogs
  A meliai zombie (D:10)
  6 dream sheep
  2 vampires
  2 wyverns
  13 yaks
  A steam dragon (D:9)
  6 water moccasins
  2 sky beasts
  2 orc warriors
  A black bear (D:10)
  4 wolves
  2 necrophages
  2 centaurs (D:10)
  A phantom (D:6)
  A kobold brigand (D:10)
  A bullfrog (Lair:2)
  8 killer bees (Lair:3)
  4 electric eels (D:10)
  A centaur zombie (D:10)
  An orc wizard (D:8)
  A killer bee zombie (D:8)
  A howler monkey zombie (D:9)
  4 gnolls
  5 orcs
  A goblin (Bailey)
  A hobgoblin (Bailey)
  7 kobolds
107 creatures vanquished.

Vanquished Creatures (others)
  2 ancestors (Bailey)
  3 knights
  3 bushes (Lair:6)
  20 fungi
  59 plants
87 creatures vanquished.

Grand Total: 569 creatures vanquished

Notes
Turn   | Place    | Note
-------+----------+-------------------------------------------
     0 | D:1      | DocClef the Gnoll Ice Elementalist began the quest for the
                  | Orb.
     0 | D:1      | Reached XP level 1. HP: 13/13 MP: 6/6
   440 | D:1      | Reached XP level 2. HP: 19/19 MP: 3/7
   589 | D:1      | Found a faded altar of an unknown god.
  1207 | D:1      | Reached XP level 3. HP: 18/25 MP: 7/9
  1354 | D:1      | Learned a level 3 spell: Frozen Ramparts
  1358 | D:1      | Learned a level 3 spell: Ozocubu's Armour
  1442 | D:2      | Reached skill level 5 in Spellcasting
  1523 | D:2      | Noticed Terence
  1535 | D:2      | Killed Terence
  1536 | D:2      | Reached skill level 1 in Fighting
  1536 | D:2      | Reached skill level 1 in Short Blades
  1536 | D:2      | Reached skill level 1 in Long Blades
  1536 | D:2      | Reached skill level 1 in Axes
  1536 | D:2      | Reached skill level 1 in Maces & Flails
  1536 | D:2      | Reached skill level 1 in Polearms
  1536 | D:2      | Reached skill level 1 in Staves
  1536 | D:2      | Reached skill level 1 in Slings
  1536 | D:2      | Reached skill level 1 in Bows
  1536 | D:2      | Reached skill level 1 in Crossbows
  1536 | D:2      | Reached skill level 1 in Throwing
  1536 | D:2      | Reached skill level 1 in Armour
  1536 | D:2      | Reached skill level 1 in Shields
  1536 | D:2      | Reached skill level 1 in Unarmed Combat
  1536 | D:2      | Reached skill level 1 in Invocations
  1536 | D:2      | Reached skill level 1 in Evocations
  1794 | D:2      | Reached XP level 4. HP: 29/32 MP: 11/11
  2485 | D:2      | Noticed Natasha
  2498 | D:2      | Reached skill level 1 in Conjurations
  2498 | D:2      | Reached skill level 1 in Hexes
  2498 | D:2      | Reached skill level 1 in Summonings
  2498 | D:2      | Reached skill level 1 in Necromancy
  2498 | D:2      | Reached skill level 1 in Translocations
  2498 | D:2      | Reached skill level 1 in Transmutations
  2498 | D:2      | Reached skill level 1 in Fire Magic
  2498 | D:2      | Reached skill level 1 in Air Magic
  2498 | D:2      | Reached skill level 1 in Earth Magic
  2498 | D:2      | Reached skill level 1 in Poison Magic
  2500 | D:2      | Killed Natasha
  2657 | D:2      | Noticed Natasha
  2662 | D:2      | Killed Natasha
  2663 | D:2      | Reached XP level 5. HP: 37/37 MP: 5/12
  2952 | D:2      | Noticed Natasha
  2958 | D:2      | Killed Natasha
  3545 | D:3      | Reached XP level 6. HP: 28/44 MP: 6/13
  4289 | D:4      | Reached skill level 5 in Dodging
  4324 | D:4      | Reached XP level 7. HP: 24/50 MP: 4/15
  5094 | D:4      | Noticed Sigmund
  5115 | D:4      | Killed Sigmund
  5116 | D:4      | Reached skill level 5 in Stealth
  5415 | D:4      | Found Cavviod's General Store.
  5622 | D:5      | Entered Level 5 of the Dungeon
  5683 | D:5      | Reached XP level 8. HP: 27/57 MP: 16/16
  6009 | D:5      | Found Gozag's Platinum Reserve.
  6138 | D:5      | Found an opulent altar of Gozag.
  6255 | D:5      | Reached skill level 6 in Spellcasting
  6404 | D:5      | Found a staircase to the Ecumenical Temple.
  6480 | Temple   | Entered the Ecumenical Temple
  6746 | Temple   | Became a worshipper of Hepliaklqana the Forgotten
  6809 | D:5      | Found a shimmering blue altar of Sif Muna.
  7299 | D:6      | Found a runed translucent door.
  7300 | D:6      | Noticed Crazy Yiuf
  7574 | D:6      | Noticed Menkaure
  7584 | D:6      | Killed Menkaure
  7585 | D:6      | Reached XP level 9. HP: 23/65 MP: 11/18
  7867 | D:6      | Reached * piety under Hepliaklqana
  8486 | D:6      | Killed Crazy Yiuf
  8991 | D:7      | Found a white marble altar of Elyvilon.
  9038 | D:7      | Found Xoute's General Store.
  9043 | D:7      | Found Veosomn's Specific Store.
  9091 | D:7      | Reached skill level 5 in Invocations
  9253 | D:7      | Found a blossoming altar of Fedhas.
  9797 | D:8      | Noticed Pikel
  9865 | D:8      | Found a shadowy altar of Dithmenos.
  9886 | D:8      | Found a hide-covered altar of Uskayaw.
  9887 | D:8      | Found an ornate altar of the Wu Jian Council.
  9955 | D:8      | Killed Pikel
  9956 | D:8      | Reached skill level 7 in Spellcasting
  9956 | D:8      | Reached XP level 10. HP: 43/65 MP: 14/20
 10213 | D:8      | Found a flagged portal.
 10225 | Bailey   | Entered a bailey
 10293 | Bailey   | Noticed an orc warlord
 10294 | Bailey   | Reached ** piety under Hepliaklqana
 10316 | Bailey   | Reached skill level 5 in Fighting
 10316 | Bailey   | Reached skill level 5 in Short Blades
 10316 | Bailey   | Reached skill level 5 in Long Blades
 10316 | Bailey   | Reached skill level 5 in Axes
 10316 | Bailey   | Reached skill level 5 in Maces & Flails
 10316 | Bailey   | Reached skill level 5 in Polearms
 10316 | Bailey   | Reached skill level 5 in Staves
 10316 | Bailey   | Reached skill level 5 in Slings
 10316 | Bailey   | Reached skill level 5 in Bows
 10316 | Bailey   | Reached skill level 5 in Crossbows
 10316 | Bailey   | Reached skill level 5 in Throwing
 10316 | Bailey   | Reached skill level 5 in Armour
 10316 | Bailey   | Reached skill level 5 in Shields
 10316 | Bailey   | Reached skill level 5 in Unarmed Combat
 10316 | Bailey   | Reached skill level 5 in Evocations
 10437 | Bailey   | Found a runed translucent gate.
 10452 | Bailey   | Found a runed translucent gate.
 10452 | Bailey   | Found a runed translucent gate.
 10678 | Bailey   | Remembered your ancestor Njabulo as a knight
 10772 | Bailey   | Killed an orc warlord
 10795 | Bailey   | Reached skill level 8 in Spellcasting
 10795 | Bailey   | Reached skill level 5 in Conjurations
 10795 | Bailey   | Reached skill level 5 in Hexes
 10795 | Bailey   | Reached skill level 5 in Summonings
 10795 | Bailey   | Reached skill level 5 in Necromancy
 10795 | Bailey   | Reached skill level 5 in Translocations
 10795 | Bailey   | Reached skill level 5 in Transmutations
 10795 | Bailey   | Reached skill level 5 in Fire Magic
 10795 | Bailey   | Reached skill level 5 in Air Magic
 10795 | Bailey   | Reached skill level 5 in Earth Magic
 10795 | Bailey   | Reached skill level 5 in Poison Magic
 10795 | Bailey   | Reached XP level 11. HP: 55/74 MP: 19/23
 11212 | D:9      | Noticed a deep elf pyromancer
 11218 | D:9      | Killed a deep elf pyromancer
 11795 | D:10     | Entered Level 10 of the Dungeon
 12277 | D:10     | Found a staircase to the Orcish Mines.
 12336 | D:10     | Reached XP level 12. HP: 80/80 MP: 24/24
 12350 | D:10     | Reached *** piety under Hepliaklqana
 12692 | D:10     | Noticed a two-headed ogre
 12786 | D:10     | Killed a two-headed ogre
 12863 | D:10     | Found a staircase to the Lair.
 12984 | Lair:1   | Entered Level 1 of the Lair of Beasts
 12985 | Lair:1   | Noticed an eight-headed hydra
 13025 | Lair:1   | Killed an eight-headed hydra
 13306 | Lair:1   | Identified the +10 rapier of the Twisting Boar {vorpal,
                  | Str+6 SInv}
 13529 | Lair:1   | Reached **** piety under Hepliaklqana
 13773 | Lair:1   | Reached skill level 9 in Spellcasting
 13869 | Lair:1   | Found the +8 whip "Snakebite" {venom, curare, rPois}
 14501 | Lair:2   | Found a runed translucent gate.
 14501 | Lair:2   | Found a runed translucent gate.
 14501 | Lair:2   | Found a runed translucent gate.
 14502 | Lair:2   | Noticed angelusfrater's ghost (novice DESu)
 14630 | Lair:2   | Noticed a boulder beetle
 14640 | Lair:2   | Killed a boulder beetle
 15020 | Lair:2   | Reached XP level 13. HP: 88/88 MP: 24/26
 15885 | Lair:3   | Reached skill level 10 in Ice Magic
 16012 | Lair:3   | Found a staircase to the Shoals.
 16200 | Lair:3   | Reached ***** piety under Hepliaklqana
 16800 | Lair:4   | Reached skill level 10 in Spellcasting
 16883 | Lair:4   | Found a hole to the Spider Nest.
 17387 | Lair:5   | Learned a level 3 spell: Ignite Poison
 17753 | Lair:5   | Noticed Snorg
 17763 | Lair:5   | Killed Snorg
 17765 | Lair:5   | Reached skill level 10 in Dodging
 17927 | Lair:5   | Reached XP level 14. HP: 38/95 MP: 24/28
 18211 | Lair:6   | Entered Level 6 of the Lair of Beasts
 18211 | Lair:6   | Reached ****** piety under Hepliaklqana
 18386 | Lair:6   | Reached skill level 10 in Stealth
 18592 | Lair:6   | Reached skill level 10 in Invocations
 19250 | Lair:6   | Noticed a dire elephant
 19262 | Lair:6   | Killed a dire elephant
 19365 | Lair:6   | Found a staircase to the Slime Pits.
 19639 | Lair:6   | Found a snail-covered altar of Cheibriados.
 20781 | D:11     | Noticed Sonja
 20866 | D:11     | Killed Sonja
 21382 | D:11     | Noticed Maurice
 21391 | D:11     | Killed Maurice
 22234 | D:11     | Reached XP level 15. HP: 64/103 MP: 29/29
 22266 | D:11     | Learned a level 4 spell: Olgreb's Toxic Radiance
 22328 | Orc:1    | Entered Level 1 of the Orcish Mines
 22334 | Orc:1    | Noticed Erolcha
 22343 | Orc:1    | Killed Erolcha
 22344 | Orc:1    | Reached skill level 11 in Spellcasting
 22546 | Orc:1    | Noticed Jorgrun
 22557 | Orc:1    | Killed from afar by Jorgrun

Illustrated notes

Levels and vault maps discovered:
D:1:      erik_arrival_orb_chamber, layout_loops_ring,
          dreamdust_ecumenical_altar_grove
D:2:      layout_basic, chequers_serial_rivers_room_a, uniq_terence,
          uniq_natasha
D:3:      layout_basic, palyth_stone_intersect, minmay_lizard_king
D:4:      layout_loops_corners, serial_shops, nicolae_take_the_stairs,
          uniq_sigmund
D:5:      layout_basic, nicolae_gozag_zags_fifth_avenue, general_overflow_altar,
          minmay_temple_entry_purple_smoke, cheibrodos_sewer_entry_bend
D:6:      layout_basic, uniq_menkaure, uniq_crazy_yiuf_cottage
D:7:      layout_basic, overflow_temple_1_default,
          lemuel_coloured_pillars_altar, nicolae_specific_store,
          hangedman_decor_opposing
D:8:      layout_rooms, lemuel_round_altar, mainiacjoe_overflow_large_starburst,
          enter_bailey_7, hellmonk_bongcloud_opening, uniq_pikel
D:9:      layout_roguey, minivault_26, minmay_between
D:10:     layout_irregular_city, grunt_lair_entry_orc_guard_hut, orc_0_dummy,
          serial_bayou, serial_bayou_pond_b, serial_bayou_pond_a,
          serial_bayou_ford_a, serial_bayou_lagoon_a, serial_bayou_pond_b,
          serial_bayou_lake_a
D:11:     layout_loops_corners, minivault_16, uniq_sonja, uniq_maurice
D:12:     layout_roguey, uniq_nergalle
Temple:   regret_index_temple_generic_petals
Lair:1:   minmay_guarded_unrand_snakebite, layout_regular_city,
          serial_bayou_shore_b
Lair:2:   layout_gridlike, gammafunk_ghost_necromancy, beast_lair_carwin_7,
          serial_bayou_shore_a, grunt_megastairs_3
Lair:3:   layout_cellular_growth, elwin_shoals_entry_rooms, special_room
          [special_room_bee], infiniplex_staircase_pool
Lair:4:   layout_regular_city, nicolae_spider_entry_orb_guardian
Lair:5:   layout_regular_city, minmay_lair_oklob_bushes, uniq_snorg
Lair:6:   grunt_lair_end_beastmaster, layout_layer_cave, slime_dummy,
          basic_altar, serial_forest, infiniplex_forest_lined_ring,
          infiniplex_forest_clump_cross, infiniplex_forest_straight_2,
          infiniplex_forest_clump_cross, infiniplex_forest_clump_long,
          infiniplex_forest_clump_tiny, grunt_megastairs_5
Orc:1:    layout_caves, serial_shops, nicolae_shop_bloodbath_and_beyond,
          roderic_batcave, nicolae_orc_lava_tube, uniq_erolcha, uniq_jorgrun,
          uniq_josephine

Skill      XL: |  1  2  3  4  5  6  7  8  9 10 11 12 13 14 15 |
---------------+----------------------------------------------+-----
Spellcasting   | 5 6 7 8 9 10 11 | 11.0
Fighting       | 1 2 3 4 6 7 8 9 |  9.8
Short Blades   | 1 2 3 4 6 7 8 9 |  9.8
Long Blades    | 1 2 3 4 6 7 8 9 |  9.8
Axes           | 1 2 3 4 6 7 8 9 |  9.8
Maces & Flails | 1 2 3 4 6 7 8 9 |  9.8
Polearms       | 1 2 3 4 6 7 8 9 |  9.8
Staves         | 1 2 3 4 6 7 8 9 |  9.8
Slings         | 1 2 3 4 6 7 8 9 |  9.8
Bows           | 1 2 3 4 6 7 8 9 |  9.8
Crossbows      | 1 2 3 4 6 7 8 9 |  9.8
Throwing       | 1 2 3 4 6 7 8 9 |  9.8
Armour         | 1 2 3 4 6 7 8 9 |  9.8
Shields        | 1 2 3 4 6 7 8 9 |  9.8
Unarmed Combat | 1 2 3 4 6 7 8 9 |  9.8
Invocations    | 1 2 3 4 5 7 8 9 10 | 10.6
Evocations     | 1 2 3 4 6 7 8 9 |  9.8
Conjurations   | 1 2 3 5 6 7 8 |  8.2
Hexes          | 1 2 3 5 6 7 8 |  8.2
Summonings     | 1 2 3 5 6 7 8 |  8.2
Necromancy     | 1 2 3 5 6 7 8 |  8.2
Translocations | 1 2 3 5 6 7 8 |  8.2
Transmutations | 1 2 3 5 6 7 8 |  8.2
Fire Magic     | 1 2 3 5 6 7 8 |  8.2
Air Magic      | 1 2 3 5 6 7 8 |  8.2
Earth Magic    | 1 2 3 5 6 7 8 |  8.2
Poison Magic   | 1 2 3 5 6 7 8 |  8.2
Dodging        | 5 6 8 9 10 | 10.8
Stealth        | 5 6 7 8 9 10 | 10.6
Ice Magic      | 8 9 10 | 10.8

Action                   |  1- 3 |  4- 6 |  7- 9 | 10-12 | 13-15 || total
-------------------------+-------+-------+-------+-------+-------++-------
Melee: Spear             |    85 |    80 |       |       |       ||   165
       Bite              |     6 |    10 |    31 |    44 |    74 ||   165
       Punch             |     2 |     3 |     3 |     9 |    33 ||    50
       Short sword       |       |    55 |   112 |    13 |       ||   180
       Halberd           |       |       |   151 |   233 |       ||   384
       Whip              |       |       |       |   103 |   529 ||   632
       Rapier            |       |       |       |    22 |       ||    22
 Cast: Freeze            |    14 |    10 |       |       |       ||    24
       Ozocubu's Armour  |     1 |     7 |    16 |    32 |    25 ||    81
       Frozen Ramparts   |     1 |     7 |    21 |    28 |    25 ||    82
       Ignite Poison     |       |       |       |       |    26 ||    26
       Olgreb's Toxic Ra |       |       |       |       |     9 ||     9
Invok: Ancestor Life: Kn |       |       |       |     1 |       ||     1
       Recall Ancestor   |       |       |       |     1 |       ||     1
  Use: Scroll            |       |       |     9 |     5 |     6 ||    20
       Potion            |       |       |       |     1 |       ||     1
 Stab: Sleeping          |     8 |     3 |    15 |    14 |    20 ||    60
       Distracted        |       |       |       |     7 |     2 ||     9
       Petrified         |       |       |       |       |     3 ||     3
Armor: Robe              |    11 |    43 |   107 |    37 |       ||   198
       Troll leather arm |       |       |       |   123 |   147 ||   270
Dodge: Dodged            |    40 |   111 |   164 |   244 |   296 ||   855
Block: Kite shield       |       |       |       |       |    55 ||    55
